 Dungeon Crawl Stone Soup version 0.31-a0-182-gc5ef74bbde (webtiles) character file.

Game seed: 15472120463140821829

247 qw the Chopper (level 6, -1/39 HPs)
             Began as a Gargoyle Fighter on June 21, 2023.
             Slain by an ogre
             ... wielding a +0 giant club
              (18 damage)
             ... on level 4 of the Dungeon.
             The game lasted 00:01:24 (3295 turns).

qw the Chopper (Gargoyle Fighter)                   Turns: 3295, Time: 00:01:25

Health: -1/39      AC: 14    Str: 22    XL:     6   Next: 11%
Magic:  6/6        EV:  8    Int:  8    God:
Gold:   209        SH:  9    Dex:  9    Spells: 5/5 levels left

rFire   . . .        Y - +0 war axe
rCold   . . .        c - +0 buckler
rNeg    + . .        h - +0 chain mail
rPois   inf          (no helmet)
rElec   +            e - +0 cloak
rCorr   .            (no gloves)
SInv    +            (no boots)
Will    .....        k - amulet of reflection Stlth
                     i - ring of see invisible
HPRegen 0.26/turn    (no ring)
MPRegen 0.10/turn

%: reflection
@: no status effects
A: sickness immunity, AC +4, negative energy resistance 1, electricity
resistance, torment resistance 1, petrification resistance
a: no special abilities


You were on level 4 of the Dungeon.
You visited 1 branch of the dungeon, and saw 4 of its levels.

You collected 209 gold pieces.


Innate Abilities, Weirdness & Mutations

You are immune to sickness and miasma.
Your stone body is resilient. (AC +4)
You are immune to poison.
You resist negative energy. (rN+)
You are resistant to electric shocks. (rElec)
You are resistant to unholy torment.
You are immune to petrification.


   Skills:
 - Level 4.3 Fighting
 + Level 5.1 Axes
 - Level 3.2 Armour
 - Level 3.2 Shields


You had 5 spell levels left.
You didn't know any spells.
Your spell library was empty.

Inventory:

Hand Weapons
 j - a +1 heavy mace
 Y - a +0 war axe (weapon)
Armour
 c - a +0 buckler (worn)
 e - a +0 cloak (worn)
 h - a +0 chain mail (worn)
Jewellery
 i - a ring of see invisible (left hand)
 k - an amulet of reflection (around neck)
Scrolls
 b - a scroll of poison {unknown}
 f - 5 scrolls of teleportation
Potions
 a - a potion of attraction
 d - a potion of might
 m - a potion of heal wounds {unknown}

Dungeon Overview and Level Annotations

Branches:
Dungeon (4/15)
 Temple: D:4-7

Altars:
Ru
Trog
Vehumet
Xom
Yredelemnul


Message History

You kill the goblin!
b - a scroll labelled DOUFULLULE
Found a basalt altar of Yredelemnul.
You see here a +0 dagger.
j - a +1 heavy mace
Enter note:
3277 ||| DROPPING +0 whip.
You drop a +0 whip.
A hobgoblin comes into view.
The hobgoblin shouts!
Enter note: You closely miss the hobgoblin.
The hobgoblin barely misses you.
The hobgoblin hits you but does no damage.
You hit the hobgoblin but do no damage.
The hobgoblin hits you but does no damage.
An ogre comes into view. It is wielding a +0 giant club.
You closely miss the hobgoblin.
The ogre shouts!
The hobgoblin hits you but does no damage.
You closely miss the hobgoblin.
A hobgoblin comes into view.
You block the hobgoblin's attack.
The hobgoblin hits you but does no damage.
You barely miss the hobgoblin.
The hobgoblin shouts!
You block the hobgoblin's attack.
You hit the hobgoblin.
The hobgoblin is severely wounded.
The hobgoblin hits you but does no damage.
You slash the hobgoblin!
You kill the hobgoblin!
You barely miss the ogre. You block the ogre's attack.
You barely miss the ogre. The ogre hits you with a +0 giant club!
You closely miss the ogre. The ogre hits you with a +0 giant club!
You hit the ogre but do no damage.
The ogre hits you with a +0 giant club!!
You die...

###.##.#.##....#
#...
..#...##....#.#..#
#...
..........###.#..#
#... ..##.....#
#.#..# ##..
#.....######.# #..
#......# .#.. #.#
##)...## ..#..# ###
...#......#...#..#
###.....).@Og..#
..#........#...#
.$.#.#......##.....
_..#.......... ....
$..#...##...... ...
...#... ##.........
##..# ........ .
.... ..#####.


You could see an ogre and a hobgoblin.

Vanquished Creatures
  A scorpion (D:4)
  Natasha (twice) (D:2)
  5 adders
  4 gnolls (D:3)
  2 dart slugs
  8 ball pythons
  8 endoplasms
  A giant cockroach (D:2)
  3 goblins
  5 hobgoblins
  8 kobolds
  3 quokkas
  2 bats
  3 frilled lizards
  6 rats
61 creatures vanquished.

Notes
Turn   | Place    | Note
-------+----------+-------------------------------------------
     0 | D:1      | qw the Gargoyle Fighter began the quest for the Orb.
     0 | D:1      | Reached XP level 1. HP: 14/14 MP: 1/1
     0 | D:1      | 0 ||| qw: Version: 0.3-a-9-g12657ce
     0 | D:1      | 0 ||| qw: Game counter: 1514
     0 | D:1      | 0 ||| qw: Always use a shield: true
     0 | D:1      | 0 ||| qw: God list: Okawaru
     0 | D:1      | 0 ||| qw: Allow faded altars: false
     0 | D:1      | 0 ||| qw: Do Orc after D:15 true
     0 | D:1      | 0 ||| qw: Do second Lair branch before Depths: true
     0 | D:1      | 0 ||| qw: Lair rune preference: random
     0 | D:1      | 0 ||| qw: Plans: Normal, Zot:1-4, Slime:5, God:TSO, Crypt,
                  | Tomb, Abyss, Pan, Hells, Win
     0 | D:1      | 0 ||| PLANNING D:1-11
    49 | D:1      | Reached skill level 2 in Axes
   206 | D:1      | Reached XP level 2. HP: 19/19 MP: 2/2
   208 | D:1      | 208 ||| DROPPING +0 club.
   627 | D:1      | Found a faded altar of an unknown god.
  1003 | D:1      | 1003 ||| UPGRADING to amulet of reflection.
  1008 | D:1      | 1008 ||| UPGRADING to ring of see invisible.
  1009 | D:1      | 1009 ||| READING 2 scrolls labelled FIUPYE UFEHO.
  1010 | D:1      | 1010 ||| READING 2 scrolls labelled JUAHAK FUBRUEN.
  1014 | D:1      | 1014 ||| READING scroll labelled PIOFYM WI SONT.
  1015 | D:1      | 1015 ||| READING scroll labelled GEYNOO PYSM.
  1016 | D:1      | 1016 ||| DROPPING scroll of fog.
  1106 | D:2      | 1106 ||| Stepping ~*~*~tactically~*~*~ (stealth).
  1113 | D:2      | Reached skill level 3 in Axes
  1174 | D:2      | Reached XP level 3. HP: 23/23 MP: 3/3
  1463 | D:2      | Noticed Natasha
  1471 | D:2      | Killed Natasha
  1566 | D:2      | Reached XP level 4. HP: 28/28 MP: 4/4
  1578 | D:2      | Reached skill level 4 in Axes
  1880 | D:2      | Noticed Natasha
  1884 | D:2      | Killed Natasha
  1901 | D:2      | 1901 ||| UPGRADING to +0 cloak.
  1906 | D:2      | 1906 ||| UPGRADING to +0 chain mail.
  1916 | D:2      | 1916 ||| DROPPING +0 scale mail.
  1917 | D:2      | 1917 ||| READING scroll labelled GIUNIO YTZA.
  1994 | D:3      | Reached XP level 5. HP: 24/32 MP: 5/5
  2031 | D:3      | Found a bloodstained altar of Trog.
  2033 | D:3      | Found a radiant altar of Vehumet.
  2034 | D:3      | Found a sacrificial altar of Ru.
  2123 | D:3      | 2123 ||| Stepping ~*~*~tactically~*~*~ (hiding).
  2151 | D:3      | Reached skill level 5 in Axes
  2461 | D:3      | Found a shimmering altar of Xom.
  2485 | D:3      | 2485 ||| Stepping ~*~*~tactically~*~*~ (stealth).
  2944 | D:3      | 2944 ||| READING scroll labelled GOCLIKL ALUPN.
  2945 | D:3      | 2945 ||| READING scroll labelled SIJ KUTWOMEKHLE.
  3046 | D:3      | 3046 ||| DRINKING 2 pink potions.
  3047 | D:3      | 3047 ||| DRINKING 2 yellow potions.
  3048 | D:3      | 3048 ||| DROPPING potion of brilliance.
  3110 | D:4      | Reached XP level 6. HP: 39/39 MP: 6/6
  3113 | D:4      | 3113 ||| Stepping ~*~*~tactically~*~*~ (hiding).
  3273 | D:4      | Found a basalt altar of Yredelemnul.
  3277 | D:4      | 3277 ||| DROPPING +0 whip.
  3295 | D:4      | Slain by an ogre

Levels and vault maps discovered:
D:1:      denvon_arrival_planthouse, layout_loops_corners,
          ebering_ecumenical_altar_petrified
D:2:      layout_basic, moated_statue, minmay_stone_trees_large, uniq_natasha
D:3:      layout_loops_corners, grunt_temple_overflow_open,
          brannock_xom_greatest_gift, minmay_misc_feat_columns
D:4:      minmay_angry_zag, layout_cave_pools, amcnicky_altar_gilded,
          minmay_parallelograms, minmay_misc_feat_tower, minivault_11

Skill      XL: |  1  2  3  4  5 |
---------------+----------------+-----
Axes           | 2 3 4 5 |  5.1
Fighting       | 4 |  4.3
Armour         | |  3.2
Shields        | |  3.2

Action                     |  1- 3 |  4- 6 || total
---------------------------+-------+-------++-------
  Melee: War axe           |    65 |   151 ||   216
    Use: Scroll            |     4 |     3 ||     7
         Potion            |       |     2 ||     2
 Armour: Scale mail        |    23 |    27 ||    50
         Chain mail        |       |    42 ||    42
  Dodge: Dodged            |    14 |    48 ||    62
  Block: Buckler           |    17 |    63 ||    80
         Reflection        |     1 |     1 ||     2

Table legend:
 A = Non-vault XP
 B = Vault XP
 C = Vault XP percentage of total XP
 D = Non-vault monster count
 E = Vault monster count
 F = Vault count percentage of total count
                 A         B        C        D         E       F
            +---------+---------+-------+---------+---------+-------
      Total |     301 |      53 |  15.0 |      56 |       5 |   8.2
            +---------+---------+-------+---------+---------+-------
        D:1 |      28 |       0 |   0.0 |      18 |       0 |   0.0
        D:2 |      98 |      35 |  26.3 |      18 |       1 |   5.3
        D:3 |      89 |       0 |   0.0 |      15 |       0 |   0.0
        D:4 |      86 |      18 |  17.3 |       5 |       4 |  44.4
            +---------+---------+-------+---------+---------+-------
